 Dungeon Crawl Stone Soup version 0.25-a0-71-ge910a4a285 (webtiles) character file.

Game seed: 9026356377372370530, levelgen mode: deterministic

38 Gargoyl the Skirmisher (level 3, -2/36 HPs)
             Began as a Draconian Abyssal Knight on Nov 4, 2019.
             Was a Follower of Lugonu.
             Slain by an adder (4 damage)
             ... on level 2 of the Dungeon.
             The game lasted 00:02:47 (1193 turns).

Gargoyl the Skirmisher (Draconian Abyssal Knight)   Turns: 1193, Time: 00:02:48

Health: -2/36      AC:  7    Str: 15    XL:     3   Next: 25%
Magic:  4/4        EV: 12    Int: 10    God:    Lugonu [*.....]
Gold:   115        SH:  0    Dex: 10    Spells: 2/2 levels left

rFire    + . .     SeeInvis .   a - +1 hand axe
rCold    + . .     Gourm    .   (no shield)
rNeg     . . .     Faith    .   (armour unavailable)
rPois    +         Spirit   .   (helmet restricted)
rElec    +         Reflect  .   (no cloak)
rCorr    +         Harm     .   i - +0 pair of gloves
MR       .....                  h - +0 pair of boots
Stlth    +.........             c - amulet of the acrobat
HPRegen  0.12/turn              (no ring)
MPRegen  0.09/turn              (no ring)

@: resistant
A: unfitting armour, talons 1, dopey 1, robust 1, cold-blooded, MP-powered
wands, AC +5
a: Depart the Abyss, Renounce Religion


You were on level 2 of the Dungeon.
You worshipped Lugonu.
Lugonu was aware of your devotion.
You were hungry.

You visited 1 branch of the dungeon, and saw 2 of its levels.
You visited the Abyss 1 time.

You collected 115 gold pieces.

Inventory:

Hand Weapons
 a - a +1 hand axe (weapon)
Armour
 h - a +0 pair of boots (worn)
 i - a +0 pair of gloves (worn)
Jewellery
 c - an amulet of the acrobat (around neck)
Scrolls
 d - 2 scrolls of identify
Comestibles
 b - 7 rations


   Skills:
 + Level 3.9 Fighting
 + Level 2.3 Axes
 * Level 2.7 Dodging
 * Level 2.2 Invocations


You had 2 spell levels left.
You didn't know any spells.
Your spell library was empty.

Dungeon Overview and Level Annotations

Branches:
Dungeon (2/15)

Altars:


Innate Abilities, Weirdness & Mutations

Your plain brown scales are hard. (AC +5)
You cannot fit into any form of body armour.
You are cold-blooded and may be slowed by cold attacks.
You have sharp toenails.
You are dopey. (Int -2)
You are robust. (+10% HP)
You expend magic power (3 MP) to strengthen your wands.


Message History

You feel stupid.
Your toenails lengthen and sharpen.
The adder bites you.
* * * LOW HITPOINT WARNING * * *
The adder bites you.
* * * LOW HITPOINT WARNING * * *
It was a potion of resistance.
You feel protected. The adder closely misses you.
You hit the adder.
The adder is lightly wounded.
The adder bites you but does no damage. x2
You miss the adder.
The adder is lightly wounded.
The adder bites you.
* * * LOW HITPOINT WARNING * * *
Okay, then.
You hit the adder.
The adder is moderately wounded.
The adder closely misses you. The adder bites you.
You die...

#.##+#....###
#.##.#.##....
#.##.#.......
#.#..........
#.##.##......
#............
##...........
#######....#.#..#.
#@SaK.'...........
#######......#..#.
##......#..#.
#............
#.......#..#.
#............
#............
#.......†..#.
###+##..##.#.


You could see a worker ant, an adder and a kobold.

Vanquished Creatures
  An adder (D:2)
  A leopard gecko (D:2)
  2 giant cockroaches (D:1)
  5 goblins
  4 hobgoblins
  2 kobolds (D:1)
  3 bats (D:1)
  7 frilled lizards
  4 rats (D:1)
29 creatures vanquished.

Notes
Turn   | Place    | Note
-------+----------+-------------------------------------------
     0 | Abyss:1  | Gargoyl the Draconian Abyssal Knight began the quest for
                  | the Orb.
     0 | Abyss:1  | Reached XP level 1. HP: 19/19 MP: 2/2
    52 | Abyss:2  | Noticed an efreet
    53 | D:1      | Escaped the Abyss
   184 | D:1      | Reached * piety under Lugonu
   190 | D:1      | Reached XP level 2. HP: 24/26 MP: 3/3
  1081 | D:2      | Reached XP level 3. HP: 33/33 MP: 4/4
  1189 | D:2      | Gained mutation: You are robust. (+10% HP) [potion of
                  | mutation]
  1189 | D:2      | Gained mutation: You expend magic power (3 MP) to
                  | strengthen your wands. [potion of mutation]
  1189 | D:2      | Gained mutation: You are dopey. (Int -2) [potion of
                  | mutation]
  1189 | D:2      | Gained mutation: You have sharp toenails. [potion of
                  | mutation]
  1192 | D:2      | HP: 1/36 [adder (3)]
  1193 | D:2      | Slain by an adder

Levels and vault maps discovered:
D:1:      dpeg_arrival_chase, layout_basic, minivault_14, minmay_misc_feat_five
D:2:      layout_basic, bh_walls_and_bars

Action                   || total
-------------------------++-------
Melee: Hand axe          ||    78
       Tailslap          ||     4
Invok: Depart the Abyss  ||     1
  Use: Scroll            ||     4
       Potion            ||     3
Armor: Skin              ||    32
Dodge: Dodged            ||    88

Table legend:
 A = Non-vault XP
 B = Vault XP
 C = Vault XP percentage of total XP
 D = Non-vault monster count
 E = Vault monster count
 F = Vault count percentage of total count
                 A         B        C        D         E       F
            +---------+---------+-------+---------+---------+-------
      Total |      53 |       2 |   3.6 |      28 |       1 |   3.4
            +---------+---------+-------+---------+---------+-------
        D:1 |      32 |       2 |   5.9 |      22 |       1 |   4.3
        D:2 |      21 |       0 |   0.0 |       6 |       0 |   0.0
            +---------+---------+-------+---------+---------+-------
